 Dungeon Crawl Stone Soup version 0.31-a0-925-g0a390f2509 (webtiles) character file.

Game seed: 4176552693795629559

66 p00ps00p the Trooper (level 4, -1/40 HPs)
             Began as a Hill Orc Fighter on Oct 19, 2023.
             Slain by Robin
             ... wielding a +0 trident
              (7 damage)
             ... on level 2 of the Dungeon.
             The game lasted 00:01:20 (1234 turns).

p00ps00p the Trooper (Hill Orc Fighter)             Turns: 1234, Time: 00:01:22

Health: -1/40      AC:  7    Str: 20    XL:     4   Next: 15%
Magic:  4/4        EV:  9    Int:  8    God:
Gold:   53         SH:  4    Dex: 10    Spells: 3/3 levels left

rFire   . . .        a - +0 war axe
rCold   . . .        c - +0 buckler
rNeg    . . .        b - +0 scale mail
rPois   .            (no helmet)
rElec   .            (no cloak)
rCorr   .            (no gloves)
SInv    .            (no boots)
Will    .....        (no amulet) Stlth
                     (no ring)
HPRegen 0.26/turn    (no ring)
MPRegen 0.09/turn

%: no passive effects
@: no status effects
A: no striking features
a: no special abilities


You were on level 2 of the Dungeon.
You visited 1 branch of the dungeon, and saw 2 of its levels.

You collected 53 gold pieces.

Inventory:

Hand Weapons
 a - a +0 war axe (weapon)
Armour
 b - a +0 scale mail (worn)
 c - a +0 buckler (worn)
Jewellery
 h - a ring of positive energy
Potions
 d - a potion of might
 f - a potion of heal wounds
 g - a potion of lignification {unknown}
 i - a potion of resistance {unknown}


   Skills:
 + Level 4.3 Fighting
 + Level 3.7 Axes
 + Level 3.9 Armour
 + Level 3.9 Shields


You had 3 spell levels left.
You didn't know any spells.
Your spell library contained the following spells:

 Spells                   Type           Power      Damage    Failure   Level
 Wereblood                Tmut           0%         N/A       92%         2
 Irradiate                Conj/Tmut      0%         3d11      100%        5


Dungeon Overview and Level Annotations

Branches:
Dungeon (2/15)

Altars:

Annotations:
D:2 Robin


Message History

You hit the goblin.
The goblin is moderately wounded.
You hit the hobgoblin. You barely miss the goblin. You closely miss the goblin.
The goblin hits you but does no damage.
The hobgoblin hits you but does no damage.
The goblin closely misses you. The goblin barely misses you.
You block the hobgoblin's attack. The goblin hits you but does no damage.
The goblin barely misses you. The goblin hits you with a +0 club.
Robin hits you from afar with a +0 trident.
You are too injured to fight recklessly!
Unknown command.
You are too injured to fight recklessly!
Unknown command.
You are too injured to fight recklessly!
Unknown command.
You are too injured to fight recklessly!
You closely miss the goblin.
The goblin is moderately wounded.
You hit the goblin. You barely miss the goblin. You slash the hobgoblin!
You kill the hobgoblin!
The goblin barely misses you. The goblin hits you with a +0 dagger.
* * * LOW HITPOINT WARNING * * *
The goblin hits you with a +0 club.
* * * LOW HITPOINT WARNING * * *
Robin throws the goblin at you!
A dart slug comes into view.
You closely miss the goblin.
The goblin is moderately wounded.
You hit the goblin but do no damage. You closely miss the goblin.
You hit the goblin. The goblin hits you but does no damage.
The goblin closely misses you. The goblin hits you but does no damage.
Robin says, "My army is invincible!"
Robin barely misses you. The goblin hits you but does no damage.
You miss the goblin. You hit the goblin.
You kill the goblin!
You closely miss the goblin. You hit the goblin.
You kill the goblin!
Robin hits you from afar with a +0 trident!
You die...
Robin lets out a smug laugh.

#. ...#.#####.#. #.
#..#......... ### #.
##..#######.##
....#.##)..##......#
.......#..###.#...##
...####[.....†.#...#
.
#...$.......#######
....#####)..#......
.....g.@g..#...####
.w....†g)#.#.....
#........+........
#........#.........
#........#.........
#........#......
#........#....++
#........#


You could see Robin, a dart slug and 2 goblins.

Vanquished Creatures
  An adder (D:2)
  An adder skeleton (D:2)
  2 dart slugs
  2 ball pythons
  4 endoplasms (D:1)
  2 giant cockroaches
  12 goblins
  5 hobgoblins
  4 jackals (D:1)
  4 kobolds
  2 quokkas (D:1)
  A ball python zombie (D:2)
  2 bats (D:1)
  2 frilled lizards (D:1)
  3 rats (D:1)
47 creatures vanquished.

Notes
Turn   | Place    | Note
-------+----------+-------------------------------------------
     0 | D:1      | p00ps00p the Hill Orc Fighter began the quest for the Orb.
     0 | D:1      | Reached XP level 1. HP: 19/19 MP: 1/1
   121 | D:1      | Reached XP level 2. HP: 15/27 MP: 2/2
   408 | D:1      | Reached skill level 4 in Fighting
   408 | D:1      | Reached XP level 3. HP: 33/33 MP: 3/3
  1223 | D:2      | Noticed Robin
  1225 | D:2      | Reached XP level 4. HP: 34/40 MP: 4/4
  1234 | D:2      | Slain by Robin

Illustrated notes

Levels and vault maps discovered:
D:1:      amcnicky_arrival_underground_garden, layout_basic, serial_forest,
          infiniplex_forest_lined_2, infiniplex_forest_lined_3,
          infiniplex_forest_clump_diagonal, infiniplex_forest_straight_2
D:2:      layout_basic, dilly_ecumenical_altar_fadedgnrine, serial_undead,
          serial_undead_b, serial_undead_e, serial_undead_a, serial_undead_c,
          serial_undead_e, serial_undead_c, serial_undead_c, serial_undead_c,
          uniq_robin

Skill      XL: |  1  2 |
---------------+-------+-----
Axes           | 3 |  3.7
Fighting       | 4 |  4.3
Armour         | |  3.9
Shields        | |  3.9

Action                     |  1- 3 |  4- 6 || total
---------------------------+-------+-------++-------
  Melee: War axe           |   115 |     9 ||   124
    Use: Scroll            |     3 |       ||     3
 Armour: Scale mail        |    73 |    21 ||    94
  Dodge: Dodged            |    59 |     8 ||    67
  Block: Buckler           |    31 |     4 ||    35

Table legend: (Time is in decaauts)
 A = Elapsed time spent in this place.
 B = Non-inter-level travel time spent in this place.
 C = Inter-level travel time spent in this place.
 D = Time resting spent in this place.
 E = Time spent auto-exploring this place.
 F = Levels seen in this place.
 G = Mean time per level.
                   A        B        C        D        E       F      G
               +--------+--------+--------+--------+--------+-----+--------+
         Total |   1280 |   1254 |     26 |    356 |    647 |   2 |  640.0 |
       Dungeon |   1280 |   1254 |     26 |    356 |    647 |   2 |  640.0 |
               +--------+--------+--------+--------+--------+-----+--------+

Top non-repeatable levels by time:
     D:1: 1191 daAuts
     D:2: 88 daAuts
